[Event "FIDE Women Candidates 2026"]
[White "Assaubayeva,Bibisara"]
[Black "Divya Deshmukh"]
[Site "Agios Georgios Pegeia"]
[Round "6.3"]
[Annotator "TA"]
[Result "0-1"]
[Date "2026.04.04"]
[WhiteElo "2516"]
[BlackElo "2497"]
[PlyCount "92"]
[TimeControl "60"]

1. d4 d5 2. c4 e6 3. Nf3 Nf6 4. Nc3 c6 5. Bg5 Nbd7 6. e3 Qa5 7. cxd5 Nxd5 8. Rc1 {[%emt 0:0:34] D52: Queen's Gambit Declined: Cambridge Springs Variation.} Nxc3 9. bxc3 Ba3 10. Rc2 {[%emt 0:0:6] White has an edge.} c5 11. Bd3 cxd4 12. exd4 b6 $1 13. Be4 Rb8 14. Bf4 Bb7 15. Bxb7 (15. Bxb8 $6 Bxe4 16. Bg3 Bxc2 17. Qxc2 O-O $15 )Rxb7 16. Qd3 O-O 17. O-O Rc8 18. c4 Nf8 $146 ({Predecessor:} 18... Nf6 19. Bg3 Qa4 20. h3 Rd7 21. Ra1 Bf8 22. Rac1 h6 23. Qe2 Ne8 24. Kh2 Nd6 {½-½ Tauscher,K (2301)-Shaw,S (2322) WS MN/162 email 2017} )19. Qe4 Qa6 20. h4 Re7 21. Qd3 Rd7 22. h5 Bd6 23. Bxd6 Rxd6 {[%emt 0:0:2] [#]} 24. h6 $1 gxh6 25. Ne5 Ng6 26. Qe3 {[%emt 0:6:18][%mdl 1024] White has compensation.} Qb7 $1 27. c5 (27. Qxh6 $2 Rxd4 28. Qh5 Qxg2+ 29. Kxg2 Nf4+ 30. Kf3 Nxh5 31. Rg1+ Kf8 $19 )Rd5 28. c6 Qe7 29. f4 Rc7 (29... Kg7 $1 $15 )30. g3 (30. f5 $11 exf5 31. Rxf5 (31. Qxh6 $2 Rxd4 32. Nf3 Rd6 $19 )Nxe5 32. Rxe5 (32. dxe5 Rd1+ 33. Kf2 Qh4+ 34. Qg3+ Qxg3+ 35. Kxg3 Kg7 $11 )Rxe5 33. dxe5 )Qb4 $17 31. Rc4 (31. Rd1 $142 )Qe7 ({Better is} 31... Qd6 32. a4 Ne7 )32. Rc2 $1 Qb4 33. Rc4 Qe7 34. Rc2 $1 Qd8 (34... Qf6 $17 )35. f5 $11 Nxe5 36. dxe5 Rd1 $36 {[%emt 0:1:31][%mdl 2048] Black fights for an advantage.} 37. Rcf2 Rxf1+ 38. Rxf1 $17 {[%emt 0:0:0][%mdl 4096] [#] Endgame Strongly threatening f6. KQR-KQR. Black is a pawn up.} Qg5 (38... Rxc6 $15 39. f6 Rc5 )39. Qd3 (39. Qc3 $11 {remains equal.} exf5 40. Rd1 )Rxc6 40. f6 (40. Qf3 $17 {keeps fighting.} Rc8 (40... Rc1 $2 41. Qa8+ Kg7 42. f6+ Kg6 43. Qg8+ Kh5 44. Qxg5+ Kxg5 45. Rxc1 $18 )41. fxe6 fxe6 42. Qf7+ Kh8 43. Qf6+ Qxf6 44. Rxf6 )Rc8 $1 $19 41. Rd1 {[%emt 0:3:14][%cal Od3d8] Threatening mate with Qd8+!.} Kh8 42. Kg2 $2 (42. Kf2 )h5 43. Qd2 Qg4 44. Re1 h4 {[%emt 0:3:56] Black is clearly winning.} 45. Re3 Rg8 46. Qd7 Qf4 {[%emt 0:2:17] Weighted Error Value: White=0.43/Black=0.22 (precise)   Mistake:       	White=5     	Black=4      Inaccurate:     	White=3     	Black=1      OK:         	White=6     	Black=8      Best:        	---       	Black=1      Strong:       	White=2     	Black=3} 0-1

[Event "FIDE Women Candidates 2026"]
[White "Tan,Zhongyi"]
[Black "Goryachkina,Aleksandra"]
[Site "Agios Georgios Pegeia"]
[Round "6.4"]
[Annotator "TA"]
[Result "1/2-1/2"]
[Date "2026.04.04"]
[WhiteElo "2535"]
[BlackElo "2534"]
[PlyCount "106"]
[TimeControl "60"]

1. e4 e5 2. Nf3 Nc6 3. Bc4 Nf6 4. Ng5 d5 5. exd5 Na5 6. Bb5+ c6 7. dxc6 bxc6 8. Bd3 $1 {[%emt 0:0:5][%mdl 4] now scores much better than the old 8.Be2.} Nd5 {[%emt 0:0:50] C58: Two Knights: 4 Ng5 d5 5 exd5 Na5 sidelines.} 9. Nf3 (9. Nxh7 $2 Nf4 10. Bf1 (10. Be4 $2 f5 $19 )Rxh7 $19 )Bd6 10. Nc3 Nf4 {[%emt 0:0:27] The position is equal.} 11. O-O Nxd3 {[%emt 0:0:35] Black sacrificed a pawn} 12. cxd3 O-O 13. Ne4 Bc7 14. Qc2 c5 15. Qxc5 Ba6 16. Re1 {[%emt 0:0:15] and b4 would now be decisive} Bxd3 17. b3 (17. Nxe5 Bxe5 18. Qxe5 Re8 $19 )Re8 18. Qc3 Bb6 {[%emt 0:10:6] This pair of bishops is nice.} 19. Nc5 Bxc5 20. Qxc5 Rc8 21. Qe3 Nc6 22. Bb2 $1 f6 $146 ({Predecessor:} 22... Nb4 23. Nxe5 f6 24. Qxa7 Rxe5 25. Bxe5 fxe5 26. Rac1 Bc2 27. Re3 Qxd2 28. Rce1 Qd8 {½-½ Gray,G (2201)-Lowrance,W (2266) FICGS W-ch st1 gN 04 email 2012 (1)} )23. Rac1 Qd7 24. Rc3 e4 25. Rec1 $2 {[%emt 0:3:4] [#]} (25. Ra1 $14 {stays ahead.} )exf3 $17 26. Qxd3 (26. Rxd3 $2 {is the wrong capture.} Qf5 $19 )Nd4 27. Rxc8 Ne2+ 28. Qxe2 fxe2 29. Rxe8+ Qxe8 {[%emt 0:0:3][%mdl 4096] Endgame KQ-KRB} 30. Re1 Qe4 (30... Qe6 $142 31. Bd4 Qa6 )31. Bc3 Qc2 32. f3 Qxa2 33. b4 Qc4 34. g3 Qe6 35. Kf2 Qh3 36. Kg1 h5 37. Rxe2 h4 38. Rg2 Qf5 39. Kf2 Kf7 40. gxh4 Qh3 41. Rg4 Qxh2+ 42. Ke3 a6 {[%emt 0:0:56][%mdl 1024] Black has compensation.} 43. Rd4 (43. d3 $15 )Qg1+ 44. Ke2 Qg2+ 45. Ke3 Qf1 {[%emt 0:0:30] Repels Rc4} 46. Rd7+ Kg6 ({Better is} 46... Kf8 $17 47. Rd8+ Kf7 )47. h5+ $15 Kh6 48. Rd5 Qe1+ 49. Kf4 $1 Kh7 50. Ra5 Qe2 51. Rc5 Qh2+ 52. Ke3 Qg1+ 53. Ke2 Qg2+ {[%emt 0:0:0] And White is the lucky defender.   Weighted Error Value: White=0.10 (very precise) /Black=0.20 (precise)   Mistake:       	White=2     	Black=2      Inaccurate:     	---       	Black=3      OK:         	White=1     	Black=4      Strong:       	White=2     	---} 1/2-1/2

[Event "FIDE Women Candidates 2026"]
[White "Muzychuk,Anna"]
[Black "Assaubayeva,Bibisara"]
[Site "Agios Georgios Pegeia"]
[Round "7.1"]
[Annotator "ChessBase"]
[Result "1/2-1/2"]
[Date "2026.04.05"]
[WhiteElo "2522"]
[BlackElo "2516"]
[PlyCount "52"]
[TimeControl "60"]

1. e4 c5 2. Nf3 Nc6 3. Bb5 Nf6 4. Bxc6 dxc6 5. d3 Bg4 6. h3 Bh5 7. g4 Bg6 8. Bf4 c4 9. Nc3 cxd3 10. Qxd3 Qxd3 11. cxd3 Nd7 12. Nh4 e5 13. Be3 Be7 14. Nf5 Bxf5 15. exf5 O-O-O 16. Ne4 Kb8 17. Ke2 Nf6 18. Nxf6 Bxf6 19. Rac1 Rd5 20. b3 Rhd8 21. Rhd1 h6 22. Rc4 R8d7 23. Rd2 Rd8 24. Rd1 R8d7 25. Rd2 Rd8 26. Rd1 R8d7 1/2-1/2

[Event "FIDE Women Candidates 2026"]
[White "Divya Deshmukh"]
[Black "Lagno,Kateryna"]
[Site "Agios Georgios Pegeia"]
[Round "7.2"]
[Annotator "RC"]
[Result "1/2-1/2"]
[Date "2026.04.05"]
[WhiteElo "2497"]
[BlackElo "2508"]
[PlyCount "269"]
[TimeControl "60"]

1. c4 e6 2. Nf3 d5 3. e3 Nf6 4. b3 c5 5. Bb2 Nc6 6. cxd5 exd5 7. Bb5 Bd6 8. O-O O-O 9. Nc3 Bg4 10. Ne2 Ne4 11. Ne1 Bd7 12. d3 Nf6 13. d4 cxd4 14. Nxd4 Rc8 15. Bd3 Re8 16. Nef3 Ne4 17. Rc1 Qe7 18. Nb5 Bb8 19. Nc3 Bg4 20. Nxd5 Qd6 21. Nf4 Qh6 22. Bxe4 Rxe4 23. h3 Bxf4 24. hxg4 Bd6 25. Qd5 Rce8 26. Rfd1 Bc7 27. Qh5 Qg6 28. Rd7 R4e7 29. Qxg6 hxg6 30. Rcd1 Rxd7 31. Rxd7 Re7 32. Rd1 Re4 33. g5 Bd8 34. Rd5 Re8 35. Rd7 Re7 36. Rd1 Rc7 37. Kf1 Be7 38. Rd2 Bb4 39. Rc2 Be7 40. Rd2 Bb4 41. Rc2 Be7 42. a3 Rd7 43. b4 a6 44. Ke2 Kf8 45. Rc4 Rc7 46. Be5 Rd7 47. Bb2 Rc7 48. e4 Rc8 49. Bc1 Ke8 50. Rc2 Kd7 51. Bb2 f6 52. g4 Ke6 53. Ke3 Rh8 54. Nd4+ Kd7 55. f3 Ne5 56. gxf6 gxf6 57. Ne2 Rh3 58. Bxe5 fxe5 59. Kf2 Rh1 60. Rc3 Rh2+ 61. Ke1 Bg5 62. Rd3+ Ke6 63. Nc3 Rb2 64. Na4 Rb1+ 65. Ke2 Be7 66. Rc3 Ra1 67. Nb6 Ra2+ 68. Kd1 Bg5 69. Na4 Be7 70. Kc1 Rf2 71. Kb1 Bd6 72. Nb6 Be7 73. Nc4 Bd8 74. Rd3 Bc7 75. a4 g5 76. b5 axb5 77. axb5 b6 78. Kc1 Rf1+ 79. Kc2 Rf2+ 80. Kd1 Rf1+ 81. Kd2 Rb1 82. Na3 Ra1 83. Nc4 Rb1 84. Rd5 Rb3 85. Ke2 Rb4 86. Kd3 Rb3+ 87. Ke2 Rb4 88. Ne3 Bd6 89. Nf5 Bc5 90. Ng7+ Kf7 91. Rd7+ Kg6 92. Ne6 Rxb5 93. Nxc5 bxc5 94. Kd3 Rb4 95. Kc3 Kf6 96. Rd6+ Kf7 97. Rd5 Kf6 98. Rxc5 Ra4 99. Rc6+ Kf7 100. Rb6 Ra3+ 101. Rb3 Ra4 102. Rb7+ Kf6 103. Rb6+ Kf7 104. Rb7+ Kf6 105. Rb8 Kf7 106. Rb6 Ra3+ 107. Rb3 Ra4 108. Kb2 Kf6 109. Rb6+ Kf7 110. Rd6 Rc4 111. Rd8 Rc6 112. Kb3 Rc1 113. Rd3 Ke6 114. Rd8 Kf7 115. Rd7+ Kf6 116. Rd8 Kf7 117. Rd3 Kf6 118. Kb4 Ke6 119. Ra3 Rb1+ 120. Kc5 Rc1+ 121. Kb6 Kd6 122. Kb7 Kd7 123. Rb3 Rc2 124. Rb5 Rc3 125. Rxe5 Rb3+ 126. Ka6 Rxf3 127. Rxg5 Rf4 128. e5 Ke6 129. Kb7 Re4 130. Kc7 Rxe5 131. Rg8 Kf7 132. Kd6 Ra5 133. Rb8 Ra4 134. g5 Ra5 135. g6+ 1/2-1/2

[Event "FIDE Women Candidates 2026"]
[White "Goryachkina,Aleksandra"]
[Black "Zhu,Jiner"]
[Site "Agios Georgios Pegeia"]
[Round "7.3"]
[Annotator "RC"]
[Result "1/2-1/2"]
[Date "2026.04.05"]
[WhiteElo "2534"]
[BlackElo "2578"]
[PlyCount "139"]
[TimeControl "60"]

1. e4 e5 2. Nf3 Nc6 3. Bb5 a6 4. Ba4 Nf6 5. O-O Nxe4 6. d4 Be7 7. Re1 b5 8. Rxe4 d5 9. Nxe5 Nxe5 10. Rxe5 bxa4 11. b3 O-O 12. Ba3 Bxa3 13. Nxa3 Re8 14. Rxe8+ Qxe8 15. Nb1 Qc6 16. Qd2 axb3 17. cxb3 Bd7 18. Nc3 Re8 19. h3 h6 20. Re1 Rxe1+ 21. Qxe1 Qd6 22. Qe3 a5 23. h4 Kh8 24. Ne2 Qa3 25. Qd2 c5 26. dxc5 Qxc5 27. Nd4 Kg8 28. Kh2 Qd6+ 29. g3 Qc5 30. Kg2 Kh8 31. f3 Kg8 32. g4 Qc7 33. Qe3 Qd6 34. g5 hxg5 35. hxg5 g6 36. Ne2 Bb5 37. Nc3 Bc6 38. Qb6 Qd7 39. Ne2 Qe7 40. Kf2 Be8 41. Qe3 Kf8 42. Nf4 Bc6 43. Nd3 d4 44. Qf4 Bb5 45. Ne5 Kg8 46. Qf6 Qc7 47. Ng4 d3 48. Qd4 Kf8 49. a4 Bd7 50. Qh8+ Ke7 51. Qf6+ Kf8 52. Qh8+ Ke7 53. Qe5+ Kd8 54. Qxc7+ Kxc7 55. Ne5 Be6 56. Nc4 Kc6 57. Nxa5+ Kc5 58. Nc4 Kb4 59. Nd2 Bxb3 60. a5 Bd5 61. a6 Kc3 62. Ke3 Ba8 63. a7 Kc2 64. Ne4 Bc6 65. f4 Ba8 66. Nd2 Bc6 67. Nc4 Ba8 68. Nd2 Bc6 69. Nf1 Ba8 70. Nd2 1/2-1/2

[Event "FIDE Women Candidates 2026"]
[White "Vaishali,Rameshbabu"]
[Black "Tan,Zhongyi"]
[Site "Agios Georgios Pegeia"]
[Round "7.4"]
[Annotator "RC"]
[Result "1-0"]
[Date "2026.04.05"]
[WhiteElo "2470"]
[BlackElo "2535"]
[PlyCount "101"]
[TimeControl "60"]

1. e4 d6 2. d4 Nf6 3. Bd3 e5 4. c3 Nbd7 5. Bc2 b6 6. Ne2 Bb7 7. Nd2 g6 8. O-O Bg7 9. f4 O-O 10. Ng3 Ba6 11. Rf3 exd4 12. cxd4 c5 13. e5 Ne8 14. Be4 Rc8 15. Ra3 Nb8 16. Rxa6 Nxa6 17. Bb7 Rb8 18. Bxa6 b5 19. a4 Qa5 20. Bxb5 Rxb5 21. Nb3 Rxb3 22. Qxb3 cxd4 23. exd6 Qe1+ 24. Nf1 Nxd6 25. Qg3 Qe2 26. Qf2 d3 27. Be3 Ne4 28. Qxe2 dxe2 29. Ng3 Re8 30. Nxe4 Rxe4 31. Kf2 Bxb2 32. Re1 Rxa4 33. Rxe2 Bf6 34. Rc2 h5 35. Kf3 a5 36. Rc6 Kg7 37. Ra6 Ra1 38. Rxf6 Rf1+ 39. Ke2 Kxf6 40. Kxf1 Kf5 41. Ke2 Ke4 42. g3 a4 43. Bc5 h4 44. Be7 hxg3 45. hxg3 Kd4 46. Kf3 f5 47. Bf8 Kd3 48. Kg2 Ke3 49. Kh3 Kf2 50. Kh4 Kf3 51. Bd6 1-0

[Event "FIDE Women Candidates 2026"]
[White "Muzychuk,Anna"]
[Black "Divya Deshmukh"]
[Site "Agios Georgios Pegeia"]
[Round "8.1"]
[Annotator "RC"]
[Result "0-1"]
[Date "2026.04.07"]
[WhiteElo "2522"]
[BlackElo "2497"]
[PlyCount "166"]
[TimeControl "60"]

1. e4 c5 2. Nf3 g6 3. c4 Nc6 4. d4 cxd4 5. Nxd4 Nf6 6. Nc3 d6 7. Be2 Nxd4 8. Qxd4 Bg7 9. Be3 O-O 10. Qd3 Ng4 11. Bxg4 Bxg4 12. O-O Be6 13. Bd4 Bxd4 14. Qxd4 Qc7 15. b3 Qc5 16. Qd3 Rfc8 17. Rfe1 a6 18. a4 Rc7 19. Re3 Rac8 20. Rae1 Qe5 21. h3 b6 22. Nd5 Bxd5 23. exd5 Qf6 24. Rf3 Qg7 25. h4 f6 26. Qd4 Rb8 27. Rfe3 Rbb7 28. Re6 Qh6 29. g3 Qf8 30. h5 g5 31. Kg2 Qa8 32. Ra1 Qc8 33. Rae1 Qa8 34. f4 gxf4 35. Qxf4 b5 36. h6 Qf8 37. cxb5 axb5 38. a5 Rc5 39. Qg4+ Kh8 40. b4 Rc4 41. R6e4 Rxe4 42. Rxe4 Rc7 43. Qe2 Qxh6 44. Qxb5 Rc2+ 45. Re2 Qg6 46. Rxc2 Qxc2+ 47. Kf3 Qd1+ 48. Kf2 Qd2+ 49. Kf3 Qd1+ 50. Kf2 Qd2+ 51. Qe2 Qxb4 52. a6 Qb6+ 53. Kg2 Qa7 54. Qb5 Kg7 55. Qa4 h5 56. Qa2 Kf7 57. Qe2 Kf8 58. Kh3 Qg1 59. a7 Qxa7 60. Qxh5 Qe3 61. Qh8+ Kf7 62. Qh5+ Kg7 63. Qe8 Qe4 64. Kh2 Qe2+ 65. Kg1 Qe1+ 66. Kg2 Qd2+ 67. Kh3 Qe2 68. g4 Qf3+ 69. Kh2 Qe4 70. Kg3 Qe5+ 71. Kh3 f5 72. gxf5 Qxf5+ 73. Kg3 Qg5+ 74. Kf2 Kf6 75. Qh8+ Kf5 76. Qc8+ Kf6 77. Qh8+ Kg6 78. Qg8+ Kh6 79. Qh8+ Kg6 80. Qg8+ Kh5 81. Qf7+ Kh4 82. Qh7+ Kg4 83. Kf1 Qf5+ 0-1

[Event "FIDE Women Candidates 2026"]
[White "Assaubayeva,Bibisara"]
[Black "Vaishali,Rameshbabu"]
[Site "Agios Georgios Pegeia"]
[Round "8.2"]
[Annotator "RC"]
[Result "1/2-1/2"]
[Date "2026.04.07"]
[WhiteElo "2516"]
[BlackElo "2470"]
[PlyCount "147"]
[TimeControl "60"]

1. e4 e5 2. Nf3 Nc6 3. Bc4 Nf6 4. d3 h6 5. Nc3 Bb4 6. O-O Bxc3 7. bxc3 O-O 8. Re1 d6 9. h3 Na5 10. Bb3 c5 11. Nd2 Be6 12. Bxe6 fxe6 13. Nf1 Nc6 14. f4 exf4 15. Bxf4 Ne7 16. Bxd6 Qxd6 17. e5 Qc6 18. exf6 Rxf6 19. Nh2 Raf8 20. Ng4 Rf5 21. Qe2 Nd5 22. Qe4 h5 23. Nh2 Rf4 24. Qxe6+ Qxe6 25. Rxe6 Rf2 26. c4 Nb4 27. a3 Nxc2 28. Ra2 Rd2 29. Nf3 Rd1+ 30. Kh2 Nd4 31. Nxd4 cxd4 32. Rb2 b6 33. Re7 h4 34. Re4 Rff1 35. Rxh4 Rh1+ 36. Kg3 Rxd3+ 37. Kf2 Rc1 38. Ke2 Rcc3 39. a4 Rg3 40. Kf2 d3 41. Rd4 Rxg2+ 42. Kxg2 Rc2+ 43. Kg3 Rxb2 44. Rxd3 Ra2 45. Rd8+ Kh7 46. c5 Ra3+ 47. Kg2 Rxa4 48. cxb6 axb6 49. Rb8 Rb4 50. Rb7 Rb3 51. h4 Kh6 52. h5 Kh7 53. Kf2 Kh6 54. Kg2 Rb5 55. Kf3 Rb1 56. Kg2 Rb4 57. Kf3 Rb5 58. Kf4 Rb1 59. Kf3 Rf1+ 60. Kg4 Rg1+ 61. Kf3 Kxh5 62. Rxb6 Kh4 63. Rb8 Rg3+ 64. Kf2 g5 65. Rh8+ Kg4 66. Ra8 Rb3 67. Kg2 Rb2+ 68. Kg1 Kg3 69. Ra3+ Kh4 70. Ra4+ g4 71. Ra3 g3 72. Ra8 Rb1+ 73. Kg2 Rb2+ 74. Kg1 1/2-1/2

[Event "FIDE Women Candidates 2026"]
[White "Lagno,Kateryna"]
[Black "Goryachkina,Aleksandra"]
[Site "Agios Georgios Pegeia"]
[Round "8.3"]
[Annotator "RC"]
[Result "1-0"]
[Date "2026.04.07"]
[WhiteElo "2508"]
[BlackElo "2534"]
[PlyCount "131"]
[TimeControl "60"]

1. e4 e5 2. Nf3 Nc6 3. d4 exd4 4. Nxd4 Nf6 5. Nxc6 bxc6 6. e5 Qe7 7. Qe2 Nd5 8. g3 g6 9. Bg2 Bg7 10. O-O O-O 11. Re1 Re8 12. c4 Ba6 13. Qc2 Qc5 14. Nd2 Nb6 15. b3 f5 16. Nf3 Rab8 17. Be3 Qf8 18. Rad1 Bb7 19. Qd2 c5 20. Qa5 Bxf3 21. Bxf3 Bxe5 22. Bxc5 d6 23. Ba3 c5 24. Qxa7 f4 25. Kg2 Qf6 26. Bc1 Rf8 27. Rf1 d5 28. cxd5 Ra8 29. Qb7 Rxa2 30. Rd2 Raa8 31. d6 Rab8 32. Qe7 Rbd8 33. Re2 Bxd6 34. Qxf6 Rxf6 35. Rd1 Rff8 36. Re6 Nc8 37. Bb2 Rf7 38. Bd5 Kf8 39. Bc4 Bc7 40. Rxd8+ Bxd8 41. Re5 Rc7 42. Re4 g5 43. Be5 Re7 44. gxf4 Bc7 45. Bd3 g4 46. Kg3 Na7 47. Kxg4 Nc6 48. Bf6 Rd7 49. Bc4 Bd8 50. Bg5 Rd6 51. Kh5 Bf6 52. Re6 Rxe6 53. Bxe6 Bg7 54. f5 Nd4 55. Bh6 Nf3 56. h3 Nd4 57. Bg5 Ke8 58. Bg8 Nxf5 59. Bxh7 Nd6 60. Bd3 Bd4 61. Be3 Nb7 62. Bxd4 cxd4 63. b4 Nd8 64. Kg5 Ke7 65. Kf5 Ne6 66. h4 1-0

[Event "FIDE Women Candidates 2026"]
[White "Tan,Zhongyi"]
[Black "Zhu,Jiner"]
[Site "Agios Georgios Pegeia"]
[Round "8.4"]
[Annotator "RC"]
[Result "0-1"]
[Date "2026.04.07"]
[WhiteElo "2535"]
[BlackElo "2578"]
[PlyCount "154"]
[TimeControl "60"]

1. d4 Nf6 2. c4 e6 3. Nc3 Bb4 4. Qc2 O-O 5. a3 Bxc3+ 6. Qxc3 b6 7. Bg5 Bb7 8. e3 d6 9. Ne2 Nbd7 10. Rd1 a5 11. Qc2 Qe7 12. Nc3 h6 13. Bh4 Rfd8 14. f3 c5 15. Be2 Rac8 16. O-O cxd4 17. exd4 Ba6 18. Qb3 d5 19. Nb5 Nf8 20. Rfe1 Ng6 21. Bg3 dxc4 22. Bxc4 Nh5 23. Bf2 Nhf4 24. Bf1 Qg5 25. Be3 Bxb5 26. Qxb5 Qxb5 27. Bxb5 Rc2 28. Rd2 Rxd2 29. Bxd2 Rxd4 30. Be3 Rd6 31. Rc1 Nd5 32. Bf2 Nge7 33. a4 f6 34. Rd1 Kf7 35. h4 h5 36. Kh2 Ng6 37. g4 hxg4 38. fxg4 Ne5 39. Kg3 Ke7 40. h5 Rd8 41. Rc1 Rb8 42. Kh3 Nf7 43. Rc6 Nd6 44. Bg3 e5 45. Ba6 Ne4 46. Bd3 Ng5+ 47. Kg2 Ne3+ 48. Kf2 Nxg4+ 49. Kf1 Ne6 50. Be4 f5 51. Bb1 Kd7 52. Rc3 f4 53. Bh4 Ne3+ 54. Ke2 Nd4+ 55. Kd3 Ng4 56. Rc1 Nf3 57. Be1 Nxe1+ 58. Rxe1 Ke6 59. Rg1 Nf6 60. Rg5 Rd8+ 61. Ke2 Rd4 62. Ba2+ Kd6 63. Rg6 e4 64. h6 f3+ 65. Kf2 Rd2+ 66. Kg1 Rd1+ 67. Kf2 Rd2+ 68. Kg1 gxh6 69. Rxf6+ Kc5 70. Kf1 Rxb2 71. Bf7 Kd4 72. Rf5 Ke3 73. Kg1 Rg2+ 74. Kh1 Rg5 75. Rf6 Kf2 76. Rxh6 e3 77. Rh2+ Rg2 0-1

[Event "FIDE Women Candidates 2026"]
[White "Vaishali,Rameshbabu"]
[Black "Divya Deshmukh"]
[Site "Agios Georgios Pegeia"]
[Round "9.1"]
[Annotator "RC"]
[Result "1-0"]
[Date "2026.04.08"]
[WhiteElo "2470"]
[BlackElo "2497"]
[PlyCount "61"]
[TimeControl "60"]

1. Nf3 d5 2. b3 Nf6 3. Bb2 e6 4. c4 Bd6 5. g3 O-O 6. Bg2 c6 7. O-O Nbd7 8. d4 a5 9. Nc3 Ne4 10. Nxe4 dxe4 11. Ne5 f5 12. f4 Nf6 13. e3 Qe8 14. h3 b5 15. Rf2 Ba6 16. Rc1 bxc4 17. bxc4 Nd7 18. Nxc6 Rc8 19. d5 Nc5 20. Qd4 Rf6 21. Rd2 Rg6 22. Kh2 Nd3 23. Rxd3 exd3 24. c5 Rxc6 25. dxc6 Bc7 26. Qd7 Qb8 27. Be5 Bxe5 28. Rb1 Qf8 29. fxe5 h5 30. Qd6 Qf7 31. Rb7 1-0

[Event "FIDE Women Candidates 2026"]
[White "Zhu,Jiner"]
[Black "Lagno,Kateryna"]
[Site "Agios Georgios Pegeia"]
[Round "9.2"]
[Annotator "RC"]
[Result "1-0"]
[Date "2026.04.08"]
[WhiteElo "2578"]
[BlackElo "2508"]
[PlyCount "91"]
[TimeControl "60"]

1. Nf3 d5 2. e3 Nf6 3. b3 c5 4. Bb2 e6 5. Be2 Nc6 6. O-O Bd6 7. d4 b6 8. c4 Bb7 9. cxd5 exd5 10. Nc3 O-O 11. Rc1 Re8 12. Nb5 Bf8 13. dxc5 bxc5 14. Bxf6 gxf6 15. Bd3 Ne5 16. Re1 Qd7 17. Nc3 Qg4 18. Nxe5 Qxd1 19. Rexd1 fxe5 20. e4 dxe4 21. Bxe4 Bxe4 22. Nxe4 Red8 23. Kf1 Rxd1+ 24. Rxd1 a5 25. Rd5 a4 26. Rxe5 axb3 27. axb3 Rb8 28. Rg5+ Kh8 29. Rg3 h6 30. Ke2 Rb4 31. Nd2 Bd6 32. Rd3 Be5 33. Nc4 Bg7 34. Nd6 Kg8 35. Rg3 Kh7 36. Nxf7 Rb6 37. f4 Re6+ 38. Re3 Rf6 39. Nd8 Rxf4 40. Re7 Rb4 41. Ne6 Kg6 42. Nxg7 Rxb3 43. Ne8 c4 44. Rg7+ Kf5 45. Nd6+ Kf6 46. Rc7 1-0

[Event "FIDE Women Candidates 2026"]
[White "Tan,Zhongyi"]
[Black "Muzychuk,Anna"]
[Site "Agios Georgios Pegeia"]
[Round "9.3"]
[Annotator "RC"]
[Result "1/2-1/2"]
[Date "2026.04.08"]
[WhiteElo "2535"]
[BlackElo "2522"]
[PlyCount "112"]
[TimeControl "60"]

1. d4 Nf6 2. c4 g6 3. Nc3 d5 4. Bg5 Ne4 5. Bh4 Nxc3 6. bxc3 c5 7. e3 Bg7 8. cxd5 Qxd5 9. Qf3 Qxf3 10. Nxf3 Nc6 11. Bb5 Bd7 12. O-O a6 13. Bd3 cxd4 14. exd4 O-O 15. Rfe1 Rfe8 16. Rab1 b5 17. d5 Na5 18. Ne5 Bxe5 19. Rxe5 f6 20. Re3 Kf7 21. f3 Rac8 22. Rb4 Nb7 23. Be1 Nd6 24. g4 Rc5 25. Rd4 Bc8 26. Bc2 Nc4 27. Red3 Rd8 28. Bb3 Bb7 29. f4 Rcxd5 30. Rxd5 Bxd5 31. g5 Rd7 32. Bf2 Ke6 33. Bxc4 bxc4 34. Rh3 Rb7 35. Bc5 Kf5 36. Rxh7 Kxf4 37. Rxe7 Rb1+ 38. Kf2 Kxg5 39. Re1 Rxe1 40. Kxe1 Kf4 41. Ke2 Bf3+ 42. Kd2 Be4 43. a4 Kf3 44. a5 f5 45. h4 Kg3 46. Be7 f4 47. Bd6 Bd3 48. Ke1 Kf3 49. Kd2 Kg4 50. Bc7 f3 51. Ke3 Be2 52. Kf2 Kxh4 53. Bd6 Kg4 54. Bc7 Kf5 55. Bd6 Ke4 56. Bc7 g5 1/2-1/2

[Event "FIDE Women Candidates 2026"]
[White "Goryachkina,Aleksandra"]
[Black "Assaubayeva,Bibisara"]
[Site "Agios Georgios Pegeia"]
[Round "9.4"]
[Annotator "RC"]
[Result "1/2-1/2"]
[Date "2026.04.08"]
[WhiteElo "2534"]
[BlackElo "2516"]
[PlyCount "74"]
[TimeControl "60"]

1. e4 c5 2. Nf3 Nc6 3. Bb5 Nd4 4. Nxd4 cxd4 5. O-O a6 6. Bd3 g6 7. c3 Bg7 8. Na3 d5 9. exd5 Qxd5 10. Qb3 Qd8 11. Be4 Qc7 12. cxd4 Nf6 13. d3 O-O 14. Be3 Ng4 15. g3 Qa5 16. Qd5 Qxd5 17. Bxd5 Rd8 18. Bg2 Bxd4 19. Bxd4 Rxd4 20. Nc4 Be6 21. h3 Nf6 22. Bxb7 Ra7 23. Bg2 Rxd3 24. Ne3 Rd2 25. b3 a5 26. Rfd1 Rb2 27. Rd8+ Kg7 28. Nd1 Rc2 29. Ne3 Rc3 30. Rd4 Rac7 31. Rad1 h5 32. Kh2 R7c5 33. R1d3 Rc1 34. Rd1 R1c3 35. R1d3 Rc1 36. Rd1 R1c3 37. R1d3 Rc1 1/2-1/2

[Event "FIDE Women Candidates 2026"]
[White "Muzychuk,Anna"]
[Black "Vaishali,Rameshbabu"]
[Site "Agios Georgios Pegeia"]
[Round "10.1"]
[Annotator "RC"]
[Result "1/2-1/2"]
[Date "2026.04.09"]
[WhiteElo "2522"]
[BlackElo "2470"]
[PlyCount "84"]
[TimeControl "60"]

1. e4 e5 2. Nf3 Nc6 3. Bc4 Nf6 4. d3 h6 5. O-O d6 6. Re1 g6 7. d4 Bg4 8. dxe5 Nxe5 9. Be2 Qd7 10. Nc3 Bg7 11. Be3 Bxf3 12. Bxf3 Nxf3+ 13. Qxf3 Ng4 14. Bd2 O-O 15. h3 Ne5 16. Qe2 Nc6 17. Nd5 f5 18. Qc4 Kh7 19. c3 Rae8 20. f4 fxe4 21. Rxe4 b5 22. Qe2 Rxe4 23. Qxe4 Re8 24. Qd3 Ne7 25. Nxe7 Rxe7 26. Re1 Rxe1+ 27. Bxe1 a6 28. b3 Qf5 29. Qxf5 gxf5 30. c4 bxc4 31. bxc4 h5 32. Kf2 Kg6 33. Kf3 Bd4 34. g4 hxg4+ 35. hxg4 fxg4+ 36. Kxg4 c6 37. f5+ Kf7 38. Kf4 d5 39. cxd5 cxd5 40. Ba5 Kf6 41. Bd8+ Kf7 42. Bc7 Kf6 1/2-1/2

[Event "FIDE Women Candidates 2026"]
[White "Assaubayeva,Bibisara"]
[Black "Zhu,Jiner"]
[Site "Agios Georgios Pegeia"]
[Round "10.2"]
[Annotator "RC"]
[Result "1-0"]
[Date "2026.04.09"]
[WhiteElo "2516"]
[BlackElo "2578"]
[PlyCount "119"]
[TimeControl "60"]

1. d4 Nf6 2. c4 e6 3. Nf3 d5 4. Nc3 c6 5. Bg5 h6 6. Bxf6 Qxf6 7. a3 dxc4 8. e3 g6 9. Bxc4 Bg7 10. O-O O-O 11. Ne5 c5 12. Ne4 Qe7 13. Qf3 cxd4 14. exd4 Nc6 15. Nxc6 bxc6 16. Rad1 Rd8 17. Qe3 a5 18. Nc5 Qd6 19. Ne4 Qe7 20. Nc5 Qd6 21. Ne4 Qb8 22. Rd2 Ba6 23. Rc1 Bxc4 24. Rxc4 Ra6 25. g3 Rb6 26. Qc3 Rd5 27. Nc5 h5 28. h4 e5 29. Qxa5 exd4 30. b4 Rb5 31. Qa4 Qe8 32. Qd1 Re5 33. Kg2 Re1 34. Qf3 Rb8 35. a4 Rd8 36. a5 Rd5 37. Nd3 Ra1 38. Re2 Qd7 39. Rec2 Ra3 40. Rxc6 Rc3 41. R6xc3 dxc3 42. Nc5 Qd8 43. a6 Rd1 44. Nb3 Rd3 45. Qe4 f5 46. Qb7 Rd7 47. Qc6 Rd6 48. Qc4+ Kh7 49. b5 Qa8+ 50. Kh2 Rd1 51. Qc6 Qa7 52. Ra2 f4 53. b6 Qe7 54. a7 fxg3+ 55. fxg3 Be5 56. Kg2 Rd3 57. a8=Q Rxg3+ 58. Kf1 Qf7+ 59. Rf2 Qxb3 60. Qd7+ 1-0

[Event "FIDE Women Candidates 2026"]
[White "Divya Deshmukh"]
[Black "Goryachkina,Aleksandra"]
[Site "Agios Georgios Pegeia"]
[Round "10.3"]
[Annotator "RC"]
[Result "0-1"]
[Date "2026.04.09"]
[WhiteElo "2497"]
[BlackElo "2534"]
[PlyCount "125"]
[TimeControl "60"]

1. e4 e5 2. Nf3 Nc6 3. Bb5 a6 4. Ba4 Nf6 5. O-O Be7 6. d3 b5 7. Bb3 d6 8. c3 O-O 9. Re1 Na5 10. Bc2 c5 11. h3 h6 12. d4 cxd4 13. cxd4 Qc7 14. Nbd2 Bd7 15. Nf1 Nc6 16. d5 Nb4 17. Bb1 a5 18. Be3 Rfc8 19. Qd2 Na6 20. Bd3 Nc5 21. Rac1 Qb8 22. Ng3 Nxd3 23. Qxd3 Qb7 24. Qd2 Kh7 25. Rxc8 Qxc8 26. Rc1 Qb7 27. Ne1 Bd8 28. f4 exf4 29. Bxf4 Bb6+ 30. Kh1 Re8 31. Bxd6 Nxe4 32. Nxe4 Rxe4 33. Qd3 f5 34. Nf3 Qa8 35. Bc7 Rc4 36. Rxc4 bxc4 37. Qxc4 Bxc7 38. Qxc7 Qxd5 39. b3 Bc6 40. Kh2 Qe4 41. Qd6 Bb7 42. Qe5 Bd5 43. Qxe4 Bxe4 44. Nd2 Bd5 45. a3 Kg6 46. b4 a4 47. b5 Kf6 48. b6 Ke6 49. Nc4 Kd7 50. Ne5+ Kd6 51. Nd3 g5 52. Kg3 Be4 53. Nb2 Bc2 54. Nc4+ Kc6 55. Kf2 f4 56. g3 fxg3+ 57. Kxg3 Bb3 58. Nb2 h5 59. Kf3 Kxb6 60. Ke4 Bc2+ 61. Kd4 Kc7 62. Kd5 g4 63. Kd4 0-1